 Dungeon Crawl Stone Soup version 0.17.2-1-ge4368a0 (webtiles) character file.

215 Goblin1989 the Chopper (level 6, -3/47 HPs)
             Began as a Formicid Fighter on Oct 11, 2016.
             Was an Initiate of Elyvilon.
             Killed from afar by an orc wizard (8 damage)
             ... with a magic dart
             ... on level 4 of the Dungeon.
             The game lasted 00:03:41 (406 turns).

Goblin1989 the Chopper (Formicid Fighter)            Turns: 406, Time: 00:03:41

Health: -3/47      AC:  6    Str: 27    XL:     6   Next: 15%
Magic:  6/6        EV:  8    Int:  8    God:    Elyvilon [......]
Gold:   0          SH: 10    Dex: 10    Spells: 0 memorised, 5 levels left

rFire  . . .     SeeInvis +     a - +0 war axe
rCold  . . .     Clarity  .     b - +0 scale mail
rNeg   . . .     SustAt   .     c - +0 shield
rPois  .         Gourm    .     (helmet unavailable)
rElec  .         Spirit   .     (no cloak)
rCorr  .         Warding  .     (no gloves)
rMut   .         Stasis   +     (no boots)
MR     .....                    (no amulet)
Stlth  ..........               (no ring)
                                (no ring)

@: mighty, not resistant to hostile enchantments, extremely unstealthy
A: permanent stasis, dig shafts and tunnels, four strong arms, antennae 3
a: Dig, Shaft Self, Renounce Religion


You were on level 4 of the Dungeon.
You worshipped Elyvilon.
Elyvilon was noncommittal.
You were not hungry.

You visited 2 branches of the dungeon, and saw 5 of its levels.

Inventory:

Hand Weapons
 a - a +0 war axe (weapon)
Armour
 b - a +0 scale mail (worn)
 c - a +0 shield (worn)
Comestibles
 e - 2 bread rations {@e1}
 f - a slice of pizza


   Skills:
 - Level 3.2 Fighting
 + Level 6.0 Axes
 - Level 3.2 Armour
 - Level 3.6 Shields


You had 5 spell levels left.
You didn't know any spells.

Dungeon Overview and Level Annotations

Branches:
Dungeon (4/15)             Temple (1/1) D:4

Altars:
Cheibriados
Elyvilon
Gozag
Nemelex Xobeh
Sif Muna
Vehumet
Yredelemnul


Innate Abilities, Weirdness & Mutations

You are under a permanent stasis effect.
You can dig through walls and to a lower floor.
Your four strong arms can wield two-handed weapons with a shield.
You have a pair of large antennae on your head (SInv).


Message History

The orc wizard casts a spell.
The orc wizard seems to speed up.
The orc hits you with a flail.
* * * LOW HITPOINT WARNING * * *
The orc priest barely misses you.
You take 2 damage, and have 4/41 hp.
You slash the orc priest!
You kill the orc priest!
You have reached level 6!
Your experience leads to an increase in your attributes!
Your base attributes are Str 21, Int 8, Dex 10.
Increase (S)trength, (I)ntelligence, or (D)exterity?
You feel stronger.
You closely miss the orc wizard. You hit the orc.
You kill the orc!
Your Axes skill increases to level 6!
You block the orc wizard's attack. x2
MP restored: 6 The orc wizard casts a spell at you.
The magic dart hits you!
You die... ਜਜ...ਜਜ ਜਜਜ ਜਜਜਜਜਜ ਜਜ.....ਜਜ ਜ .. ਜ ..... ਜਜ.......ਜਜਜ.ਜਜ ਜ.ਜ...ਜਜ ਜ.........ਜਜ.ਜ. ਜ...... ▲.........▲.... ਜ.†oਜ ਜ.........ਜਜ.ਜ. ਜooਜਜ

ਜ.......ਜ ਜ.ਜਜ ਜਜਜ.ਜਜ
ਜਜ.....ਜਜ ਜ.ਜਜ
ਜਜ@ਜਜਜ.ਜ)..ਜਜਜਜਜ.ਜਜ
ਜਜਜਜਜਜ.ਜ.ਜਜਜ..........
..........ਜ
ਜ..........
ਜਜ..ਜਜਜਜਜ.ਜ
ਜ.......... ਜ ਜ.ਜ
ਜ........<.
.......ਜਜ▲ਜਜ...
ਜ.ਜ...ਜਜP.Pਜਜ..
ਜ.ਜਜ..ਜP...Pਜ..
ਜ.ਜਜਜ.ਜP.>.Pਜ..


You could see 2 orc wizards and an orc.

Vanquished Creatures
  An ogre (D:4)
  2 orc priests (D:4)
  Robin (D:4)
  An adder (D:4)
  An ooze (D:4)
  6 orcs
  2 giant cockroaches
  11 goblins
  2 hobgoblins
  2 bats
  A giant newt (D:2)
  2 kobolds
  2 rats (D:3)
34 creatures vanquished.

Notes
Turn   | Place    | Note
--------------------------------------------------------------
     0 | D:1      | Goblin1989 the Formicid Fighter began the quest for the Orb.
     0 | D:1      | Reached XP level 1. HP: 18/18 MP: 1/1
    78 | D:2      | Reached XP level 2. HP: 22/24 MP: 2/2
   210 | D:4      | Found a staircase to the Ecumenical Temple.
   217 | Temple   | Entered the Ecumenical Temple
   225 | Temple   | Became a worshipper of Elyvilon the Healer
   240 | D:4      | Noticed Robin
   252 | D:4      | Killed Robin
   252 | D:4      | Reached XP level 3. HP: 29/29 MP: 3/3
   300 | D:4      | Reached skill level 4 in Axes
   300 | D:4      | Reached XP level 4. HP: 13/35 MP: 4/4
   384 | D:4      | Noticed an ogre
   394 | D:4      | Killed an ogre
   394 | D:4      | Reached skill level 5 in Axes
   394 | D:4      | Reached XP level 5. HP: 22/41 MP: 5/5
   404 | D:4      | Reached XP level 6. HP: 4/47 MP: 6/6
   404 | D:4      | Reached skill level 6 in Axes
   406 | D:4      | Killed from afar by an orc wizard

Action                   |  1- 3 |  4- 6 || total
-------------------------+-------+-------++-------
Melee: War axe           |    95 |    14 ||   109
 Abil: Dig               |     5 |     2 ||     7
  Use: Potion            |       |     1 ||     1

Vault maps used:
D:1:      minmay_arrival_three_doors, hangedman_decor_growths, hex_intersection,
          minmay_lizard_king
D:2:      forest_paths, grunt_temple_overflow_open, marbit_many_paths,
          first_bread, patterned_corridor
D:3:      amethyst_killhole, nemelex_spade_bored_becter
D:4:      minmay_temple_entry_enclosed_plants, uniq_robin
Temple:   circular_temple_12
